 Dungeon Crawl Stone Soup version 0.23.1-37-gaa34b87 (webtiles) character file.

Game seed: 16544798526883920931

213 kae the Chucker (level 5, -1/42 HPs)
             Began as a Centaur Arcane Marksman on Mar 23, 2019.
             Killed from afar by an orc wizard (3 damage)
             ... with a puff of flame
             ... on level 4 of the Dungeon.
             The game lasted 00:04:46 (4131 turns).

kae the Chucker (Centaur Arcane Marksman)           Turns: 4131, Time: 00:04:46

Health: -1/42      AC:  5    Str: 12    XL:     5   Next: 59%
Magic:  8/8        EV: 10    Int: 12    God:
Gold:   206        SH:  0    Dex: 15    Spells: 4/8 levels left

rFire    . . .     SeeInvis .   j - +5 club
rCold    . . .     Gourm    .   (no shield)
rNeg     . . .     Faith    .   a - +1 robe
rPois    .         Spirit   .   (no helmet)
rElec    .         Reflect  .   (no cloak)
rCorr    .         Harm     .   (no gloves)
MR       .....                  (no barding)
Stlth    +.........             (no amulet)
HPRegen  0.14/turn              o - +4 ring of dexterity
MPRegen  0.11/turn              p - ring of wizardry

@: very quick
A: large, hooves 3, deformed body, speed 2, tough skin 3
a: no special abilities


You were on level 4 of the Dungeon.
You were not hungry.

You visited 1 branch of the dungeon, and saw 4 of its levels.

You collected 206 gold pieces.

Inventory:

Hand Weapons
 b - a +0 club
 j - a +5 club (weapon)
Missiles
 c - 3 javelins (quivered)
 d - 2 throwing nets
Armour
 a - a +1 robe (worn)
Jewellery
 g - an uncursed ring of protection from cold
 o - a +4 ring of dexterity (left hand)
 p - a ring of wizardry (right hand)
Wands
 t - a wand of random effects (16)
Scrolls
 e - a scroll of fear
 h - a scroll of immolation
 i - 2 scrolls of enchant armour
 k - a scroll of remove curse
 l - 5 scrolls of identify
Potions
 n - a potion of magic
Comestibles
 f - 4 rations


   Skills:
 + Level 2.5 Fighting
 * Level 4.3 Throwing
 - Level 1.3 Dodging
 + Level 2.0 Spellcasting
 + Level 3.5 Hexes


You had 4 spell levels left.
You knew the following spells:

 Your Spells              Type           Power        Failure   Level  Hunger
a - Corona                Hex            #......      2%          1    ##.....
b - Inner Flame           Hex/Fire       #.......     16%         3    ####...

Your spell library contained the following spells:

 Spells                   Type           Power        Failure   Level  Hunger
 Slow                     Hex            #.......     4%          2    ###....
 Portal Projectile        Hex/Tloc       #.....       16%         3    ####...
 Cause Fear               Hex            #.........   26%         4    #####..
 Leda's Liquefaction      Hex/Erth       #.........   45%         4    #####..


Dungeon Overview and Level Annotations

Branches:
Dungeon (4/15)
 Temple: D:4-7

Altars:


Innate Abilities, Weirdness & Mutations

You have hooves in place of feet.
Armour fits poorly on your strangely shaped body.
You cover ground very quickly.
You have extremely tough skin. (AC +3)


Message History

The orc priest is lightly wounded.
The worker ant barely misses you.
The orc wizard hits you but does no damage.
The worker ant barely misses you.
An adder comes into view.
You closely miss the orc priest.
The adder hisses angrily.
Your kick misses the orc priest.
The orc priest is lightly wounded.
The orc wizard barely misses you.
The orc priest hits you with a +0 hand axe.
The worker ant bites you. The orc hits you with a +0 mace.
The orc priest invokes the aid of Beogh against you.
Pain shoots through your body!
The orc priest calls down the wrath of Beogh upon you.
Beogh smites you!
* * * LOW HITPOINT WARNING * * *
The orc wizard casts a spell at you. The puff of flame hits you.
You die...

##.. #. .......
....##. ......
...$#. ....#
#.#.S.###...#
#.....)...#
#....l.o..#
........o..# ###
#..#...o.o.#######
..# .
##..#.a.@.....# #.#
.)..##########.###.#
#### #.§##§####
#§§§§§§§.#
#§§§§§...#
#§§§§§§§.#
#§§§.§§..#
#...§.§.>#
#.§§.....#


You could see an iguana, a worker ant, an orc priest, an orc wizard, an adder
and 2 orcs.

Vanquished Creatures
  Crazy Yiuf (D:3)
  Robin (D:2)
  4 adders
  A worm (D:3)
  4 dart slugs
  2 leopard geckos (D:3)
  7 orcs
  2 ball pythons
  6 giant cockroaches
  17 goblins
  17 hobgoblins
  10 jackals
  A quokka (D:2)
  10 bats
  A frilled lizard (D:3)
  14 kobolds
  9 rats
107 creatures vanquished.

Notes
Turn   | Place    | Note
-------+----------+-------------------------------------------
     0 | D:1      | kae the Centaur Arcane Marksman began the quest for the
                  | Orb.
     0 | D:1      | Reached XP level 1. HP: 16/16 MP: 2/2
   334 | D:1      | Reached XP level 2. HP: 16/23 MP: 3/3
   704 | D:1      | Reached XP level 3. HP: 26/28 MP: 4/4
   732 | D:1      | Reached skill level 3 in Throwing
  1229 | D:2      | HP: 1/29 [poisoned by an adder]
  1874 | D:2      | Reached XP level 4. HP: 33/36 MP: 6/6
  1952 | D:2      | Noticed Robin
  2116 | D:2      | Killed Robin
  2872 | D:2      | Learned a level 3 spell: Inner Flame
  3023 | D:3      | Reached XP level 5. HP: 39/41 MP: 7/7
  3025 | D:3      | Reached skill level 4 in Throwing
  3788 | D:3      | Found a runed translucent door.
  3789 | D:3      | Noticed Crazy Yiuf
  3819 | D:3      | Killed Crazy Yiuf
  4131 | D:4      | HP: 2/42 [orc priest/divine providence (14)]
  4131 | D:4      | Killed from afar by an orc wizard

Skill      XL: |  1  2  3  4  5 |
---------------+----------------+-----
Throwing       | 3 4 |  4.3
Hexes          | 3 |  3.5
Fighting       | 2 |  2.5
Spellcasting   | 2 |  2.0
Dodging        | |  1.3

Action                   |  1- 3 |  4- 6 || total
-------------------------+-------+-------++-------
Melee: Club              |   148 |   192 ||   340
       Unarmed           |     5 |       ||     5
       Kick              |    24 |    26 ||    50
Throw: Javelin           |     3 |     8 ||    11
       Throwing net      |       |     4 ||     4
 Cast: Corona            |     7 |       ||     7
  Use: Potion            |     1 |     1 ||     2
       Scroll            |       |     9 ||     9
  Eat: Ration            |     1 |       ||     1
       Chunk             |       |     6 ||     6
Armor: Robe              |    56 |    63 ||   119
       Skin              |       |    23 ||    23
Dodge: Dodged            |   102 |   105 ||   207
